 Dungeon Crawl Stone Soup version 0.17-a0-1504-gb7d9117 (webtiles) character file.

1180 patman the Carver (level 8, -18/51 HPs)
             Began as a Halfling Berserker on July 9, 2015.
             Was a Priest of Trog.
             Demolished by a hill giant
             ... wielding a cursed +0 giant club
              (32 damage)
             ... on level 7 of the Dungeon.
             The game lasted 00:10:19 (2011 turns).

patman the Carver (Halfling Berserker)              Turns: 2011, Time: 00:10:19

Health: -18/51     AC: 12    Str: 18    XL:     8   Next: 69%
Magic:  8/8        EV:  5    Int:  6    God:    Trog [***...]
Gold:   130        SH:  8    Dex: 15    Spells: 0 memorised, 7 levels left

rFire  . . .     SeeInvis .     a - +4 dagger (elec)
rCold  . . .     Clarity  .     g - +0 plate armour
rNeg   . . .     SustAt   .     d - +0 shield
rPois  .         Gourm    .     (no helmet)
rElec  .         Spirit   .     (no cloak)
rCorr  .         Warding  .     (no gloves)
rMut   .         Stasis   .     h - +0 pair of boots
MR     .....                    u - amulet of regeneration
Stlth  ..........               (no ring)
                                o - ring of stealth

@: not resistant to hostile enchantments, extremely unstealthy
A: mutation resistance 1
a: Burn Spellbooks, Berserk, Trog's Hand, Renounce Religion


You were on level 7 of the Dungeon.
You worshipped Trog.
Trog was most pleased with you.
You were not hungry.

You visited 1 branch of the dungeon, and saw 7 of its levels.

You collected 130 gold pieces.

Inventory:

Hand weapons
 a - a +4 dagger of electrocution (weapon)
 b - a +0 falchion
Missiles
 r - 2 tomahawks (quivered)
Armour
 d - a +0 shield (worn)
 g - a +0 plate armour (worn)
 h - a +0 pair of boots (worn)
Jewellery
 o - a ring of stealth (left hand)
 p - an uncursed amulet of warding
 u - an amulet of regeneration (around neck)
 y - an uncursed amulet of resist corrosion
Magical devices
 m - a wand of paralysis (12)
 A - a wand of digging (10)
 B - a wand of fire (8)
Scrolls
 i - a scroll of noise {unknown}
 k - a scroll of teleportation {unknown}
 n - a scroll of remove curse
 s - a scroll of amnesia {unknown}
 w - a scroll of blinking {unknown}
 x - a scroll of random uselessness {unknown}
Potions
 e - 4 potions of curing
 j - a potion of mutation {unknown}
 l - a potion of agility {unknown}
 q - a potion of might {unknown}
 v - a potion of haste {unknown}
 C - a potion of invisibility {unknown}
Comestibles
 c - a bread ration
 f - 2 slices of pizza
 t - 3 meat rations
 z - 4 chunks of flesh


   Skills:
 - Level 2.6 Fighting
 + Level 10.2 Long Blades
 - Level 2.1 Armour
 - Level 2.1 Dodging


You had 7 spell levels left.
You didn't know any spells.

Dungeon Overview and Level Annotations

Branches:
Dungeon (7/15)
 Temple: D:4-7

Altars:
Fedhas
Kikubaaqudgha
Nemelex Xobeh
Vehumet
Zin
The Shining One

Annotations:
D:4 urechis's ghost, experienced OgGl


Innate Abilities, Weirdness & Mutations

You are small and have problems with some larger weapons.
You are somewhat resistant to further mutation.


Message History

You block the jelly's attack.
You hit the jelly.
There is a sudden explosion of sparks!
Your hands burn!
The jelly is heavily wounded.
You hit the jelly.
Your hands burn!
The jelly is severely wounded.
You block the jelly's attack.
You hit the jelly.
There is a sudden explosion of sparks!
You kill the jelly!
Trog accepts your kill.
t - 3 meat rations (gained 1)
A hill giant comes into view. It is wielding a giant club.
The hill giant shouts!
Found a pair of gloves.
The hill giant hits you with a giant club!
The hill giant hits you with a giant club!!
* * * LOW HITPOINT WARNING * * *
You open the door.
The hill giant hits you with a giant club!!
Ouch! That really hurt!
You die...

∩..≈..+ #...# ##+##
####+#...#+ ..#≈..#
+...# +...#
###≈..#+#...# #...#
≈≈≈≈........#+###
....#
................#+##
....+
................+..
.#.......#+#....#.#
+#. .+...##+##
#....#'#..... +#..[#
+...C@......# .....#
#...........# .....+
#..[....#+### .....#
+.......+ .##+##
#.......# .#
#....#+## .+ #....#
.# +.... .#


You could see a hill giant.

Vanquished Creatures
  A cyclops (D:7)
  An ice beast (D:6)
  A phantom (D:7)
  A centaur (D:7)
  An ogre (D:7)
  A jelly (D:7)
  2 hounds
  A crimson imp (D:7)
  2 orc wizards
  Jessica (D:2)
  An iguana (D:5)
  3 worker ants
  5 adders
  A shadow imp (D:7)
  An ooze (D:3)
  2 adder skeletons (D:7)
  3 worms
  A giant gecko (D:4)
  10 orcs
  12 bats
  10 goblins
  3 hobgoblins
  4 quokkas
  6 giant cockroaches
  2 giant newts
  2 jackals (D:5)
  5 kobolds
  5 rats
88 creatures vanquished.

Notes
Turn   | Place    | Note
--------------------------------------------------------------
     0 | D:1      | patman the Halfling Berserker began the quest for the Orb.
     0 | D:1      | Reached XP level 1. HP: 15/15 MP: 1/1
   241 | D:2      | Noticed Jessica
   245 | D:2      | Killed Jessica
   245 | D:2      | Reached skill level 4 in Long Blades
   245 | D:2      | Reached XP level 2. HP: 20/20 MP: 2/2
   245 | D:2      | Reached XP level 3. HP: 25/25 MP: 3/3
   327 | D:2      | Reached XP level 4. HP: 30/30 MP: 4/4
   410 | D:3      | Found a glowing golden altar of the Shining One.
   410 | D:3      | Found a radiant altar of Vehumet.
   614 | D:4      | Noticed urechis's ghost (experienced OgGl)
   623 | D:3      | Reached skill level 5 in Long Blades
   695 | D:3      | Found a glowing silver altar of Zin.
   723 | D:3      | Found an ancient bone altar of Kikubaaqudgha.
   792 | D:3      | Acquired Trog's second power
   870 | D:3      | Reached XP level 5. HP: 28/35 MP: 5/5
  1083 | D:4      | You fall through a shaft for 2 floors!
  1147 | D:6      | Reached skill level 6 in Long Blades
  1182 | D:6      | Noticed an ice beast
  1198 | D:6      | Killed an ice beast
  1198 | D:6      | Reached XP level 6. HP: 41/41 MP: 6/6
  1264 | D:5      | Entered Level 5 of the Dungeon
  1267 | D:5      | Reached skill level 7 in Long Blades
  1487 | D:4      | Reached XP level 7. HP: 40/45 MP: 7/7
  1594 | D:5      | Found a blossoming altar of Fedhas.
  1650 | D:7      | Found a sparkling altar of Nemelex Xobeh.
  1770 | D:7      | Reached skill level 8 in Long Blades
  1792 | D:7      | Noticed a cyclops
  1805 | D:7      | Killed a cyclops
  1805 | D:7      | Reached skill level 9 in Long Blades
  1805 | D:7      | Reached XP level 8. HP: 51/51 MP: 8/8
  1891 | D:7      | Reached skill level 10 in Long Blades
  2005 | D:7      | Noticed a hill giant
  2011 | D:7      | Demolished by a hill giant

Vault maps used:
D:1:      saegor_arrival_simple_f, feat_on_display
D:2:      first_bread, uniq_jessica
D:3:      lemuel_crystal_altar, lemuel_doored_altar,
          amethyst_overflow_temple_binary, gup_sewer_entry_pipe
D:4:      lemuel_temple_firewalk_marked, tgw_kikubaaqudgha
D:5:      lemuel_crystal_altar
D:7:      overflow_temple_1_default, enter_bailey_3

Action                   |  1- 3 |  4- 6 |  7- 9 || total
-------------------------+-------+-------+-------++-------
Melee: Falchion          |     8 |       |       ||     8
       Dagger            |    13 |   167 |    70 ||   250
Invok: Berserk           |       |       |     1 ||     1
  Use: Scroll            |       |     1 |     2 ||     3
  Eat: Chunk             |       |     2 |     3 ||     5
